 Dungeon Crawl Stone Soup version 0.19.0-22-gd96e5fe (webtiles) character file.

447 Monsterracer the Firebug (level 6, -5/34 HPs)
             Began as a Deep Elf Fire Elementalist on Nov 19, 2016.
             Killed by nerve-wracking pain
             ... invoked by skk's ghost
              (7 damage)
             ... on level 4 of the Dungeon.
             The game lasted 00:09:07 (4296 turns).

Monsterracer the Firebug (DEFE)                     Turns: 4296, Time: 00:09:09

Health: -5/34      AC:  3    Str:  5    XL:     6   Next: 73%
Magic:  19/22      EV: 13    Int: 25    God:
Gold:   95         SH:  2    Dex: 15    Spells: 3 memorised, 4 levels left

rFire  . . .     SeeInvis .     t - +1 dagger (venom)
rCold  . . .     Gourm    .     a - +0 robe
rNeg   . . .     Faith    .     (no shield)
rPois  .         Spirit   .     (no helmet)
rElec  .         Reflect  +     m - +0 cloak
rCorr  .         Harm     .     (no gloves)
MR     .....                    (no boots)
Stlth  ++........               x - +2 amulet of reflection
                                e - +3 ring of intelligence
                                g - ring of magical power

@: no status effects
A: no striking features
a: no special abilities


You were on level 4 of the Dungeon.
You were not hungry.

You visited 1 branch of the dungeon, and saw 4 of its levels.

You collected 95 gold pieces.

Inventory:

Hand Weapons
 t - a +1 dagger of venom (weapon)
Armour
 a - a +0 robe (worn)
 m - a +0 cloak (worn)
Jewellery
 e - a +3 ring of intelligence (right hand)
 g - a ring of magical power (left hand)
 o - an uncursed ring of protection from magic
 x - a +2 amulet of reflection (around neck)
Scrolls
 c - a scroll of enchant weapon {unknown}
 d - 5 scrolls of identify {unknown}
 f - a scroll of noise {unknown}
 h - 5 scrolls of remove curse {unknown}
 i - 2 scrolls of magic mapping {unknown}
 k - a scroll of fear {unknown}
 l - a scroll of amnesia {unknown}
 q - a scroll of enchant armour {unknown}
 r - a scroll of teleportation {unknown}
 u - a scroll of fog {unknown}
Books
 b - a book of Flames

   Spells                             Type                      Level
   a - Flame Tongue                   Conjuration/Fire             1
   b - Throw Flame                    Conjuration/Fire             2
   c - Conjure Flame                  Conjuration/Fire             3
   d - Inner Flame                    Hexes/Fire                   3
   e - Sticky Flame                   Conjuration/Fire             4
   f - Fireball                       Conjuration/Fire             5
 s - a book of Necromancy

   Spells                             Type                      Level
   a - Pain                           Necromancy                   1
   b - Animate Skeleton               Necromancy                   1
   c - Vampiric Draining              Necromancy                   3
   d - Regeneration                   Charms/Necromancy            3
   e - Animate Dead                   Necromancy                   4
   f - Control Undead                 Necromancy                   4
Comestibles
 j - a slice of pizza
 n - a meat ration
 p - a royal jelly
 v - 2 bread rations
 w - 2 chunks of flesh


   Skills:
 + Level 1.0 Fighting
 + Level 1.6 Short Blades
 + Level 2.9 Dodging
 - Level 2.4 Stealth
 + Level 3.8 Spellcasting
 * Level 4.4 Conjurations
 * Level 5.9 Fire Magic


You had 4 spell levels left.
You knew the following spells:

 Your Spells              Type           Power        Failure   Level  Hunger
a - Flame Tongue          Conj/Fire      ####.        1%          1    None
b - Conjure Flame         Conj/Fire      ####....     3%          3    ##.....
c - Sticky Flame          Conj/Fire      ####....     12%         4    ####...


Dungeon Overview and Level Annotations

Branches:
Dungeon (4/15)
 Temple: D:4-7

Altars:

Annotations:
D:4 skk's ghost, amateur TrNe


Message History

Casting: Flame Tongue
Confirm with . or Enter, or press ? or * to list all spells.
Aiming: Flame Tongue
Press: ? - help, Shift-Dir - straight line, f - skk's ghost
Aim: skk's ghost The flame tongue hits skk's ghost.
Skk's ghost is lightly damaged.
Casting: Flame Tongue
Confirm with . or Enter, or press ? or * to list all spells.
Aiming: Flame Tongue
Press: ? - help, Shift-Dir - straight line, f/p - skk's ghost
Aim: skk's ghost (lightly damaged)
The flame tongue misses skk's ghost.
Skk's ghost casts a spell at you. Pain shoots through your body!
* * * LOW HITPOINT WARNING * * *
You aren't carrying any potions.
Skk's ghost points at you and mumbles some strange words.
Pain shoots through your body!
You die...

#.# #.#.# #....... #.# #.#.#
######## #.# ##.#.# #.# #..#.#
#.# #.##.########## ### #.#
##.#............ ..# #.#
#........##.###.
#.######.#########..#l.....#.#
#.
#...............@...W.#.#..#.#
#.
#.######.#########..###.#<.#.#
#. ..# #.# #..# #.#..#.###.
### ##.# #..###.#..#..... #
#..# #......#.######. # #.##
#.###..#.# #. # #.#
#........######. # #.#
#####........... # #.#
#...........


You could see an iguana and skk's ghost.

Vanquished Creatures
  A phantom (D:4)
  An ogre (D:4)
  An orc priest (D:3)
  Jessica (D:2)
  An orc wizard (D:3)
  A worker ant (D:4)
  A howler monkey skeleton (D:4)
  8 adders
  2 oozes (D:2)
  6 worms
  4 dart slugs
  6 orcs (D:3)
  A ball python (D:1)
  5 giant cockroaches
  5 hobgoblins
  2 jackals (D:3)
  4 kobolds
  3 bats
  2 frilled lizards
  3 goblins
  8 rats
66 creatures vanquished.

Notes
Turn   | Place    | Note
-------+----------+-------------------------------------------
     0 | D:1      | Monsterracer the Deep Elf Fire Elementalist began the quest for the Orb.
     0 | D:1      | Reached XP level 1. HP: 10/10 MP: 6/6
   586 | D:1      | Reached XP level 2. HP: 15/15 MP: 4/8
  1348 | D:2      | Reached skill level 4 in Fire Magic
  1459 | D:2      | Reached XP level 3. HP: 19/19 MP: 9/9
  1563 | D:2      | Learned a level 3 spell: Conjure Flame
  1711 | D:2      | Noticed Jessica
  1715 | D:2      | Killed Jessica
  1715 | D:2      | Reached XP level 4. HP: 24/24 MP: 10/10
  1724 | D:2      | Learned a level 4 spell: Sticky Flame
  2620 | D:3      | Reached skill level 5 in Fire Magic
  2625 | D:3      | Reached XP level 5. HP: 28/28 MP: 8/11
  3917 | D:4      | Noticed a phantom
  3936 | D:4      | Killed a phantom
  3936 | D:4      | Reached skill level 1 in Short Blades
  3936 | D:4      | Reached XP level 6. HP: 30/33 MP: 3/13
  4073 | D:4      | Reached skill level 1 in Fighting
  4288 | D:4      | Noticed skk's ghost (amateur TrNe)
  4296 | D:4      | Killed from afar by skk's ghost

Skill      XL: |  1  2  3  4  5  6 |
---------------+-------------------+-----
Conjurations   | 2 3 4 |  4.4
Fire Magic     | 4 5 |  5.9
Short Blades   | 1 |  1.6
Fighting       | 1 |  1.0
Dodging        | |  2.9
Stealth        | |  2.4
Spellcasting   | |  3.8

Action                   |  1- 3 |  4- 6 || total
-------------------------+-------+-------++-------
Melee: Unarmed           |       |     1 ||     1
 Cast: Flame Tongue      |    48 |    94 ||   142
       Sticky Flame      |       |     5 ||     5
       Conjure Flame     |       |     3 ||     3
  Use: Potion            |     1 |     4 ||     5
  Eat: Chunk             |     2 |     5 ||     7
       Bread ration      |       |     1 ||     1
Armor: Robe              |     1 |     3 ||     4
Dodge: Dodged            |     3 |    16 ||    19
